Map: 2000 Atmosphären LE

Players

K.I.-1 (Sehr leicht)

  • Race: Terran Terran

Luca - Winner!

  • Race: Terran Terran
  • League: Master

VOD

Have the link to the VOD?

Description

Time

  • Played on: March 15, 2022, 7:53 a.m.
  • Length: 4:48
Show
View Real Time Build Order
Export as new Build Order

K.I.-1 (Sehr leicht) Terran 

Build Orders:  

Get SALT Encoding   

  12  0:00  SCV  
  13  0:13  SCV  
  14  0:18  Supply Depot  
  14  0:37  Refinery  
  14  0:42  Barracks  
  14  1:02  Supply Depot  
  14  1:11  Refinery  
  14  1:30  Marine  
  14  1:31  Orbital Command  
  15  1:48  Barracks Tech Lab  
  15  1:56  SCV  
  16  2:08  SCV  
  16  2:11  Marine  
  18  2:20  SCV  
  19  2:32  SCV  
  20  2:44  SCV  
  21  2:53  Marauder  
  21  2:57  SCV  
  24  4:03  Marine  
  24  4:05  SCV, Supply Depot  
  15  4:17  SCV  
  11  4:29  SCV  
Show
View Real Time Build Order
Export as new Build Order

Luca Terran - Winner!

Build Orders: 1/1/1, 12 Pool, GothicGhost 

Get SALT Encoding   

  12  0:00  SCV  
  13  0:12  SCV  
  14  0:17  Supply Depot  
  14  0:24  SCV  
  14  0:27  Refinery  
  15  0:41  Barracks  
  15  0:44  SCV  
  16  0:56  SCV  
  17  1:08  SCV  
  18  1:20  SCV  
  19  1:29  Marine  
  19  1:32  Orbital Command, Factory  
  20  1:38  Refinery  
  20  1:42  Supply Depot  
  20  1:46  Marine  
  21  1:58  SCV  
  22  2:04  Marine  
  23  2:10  SCV  
  23  2:12  Supply Depot  
  24  2:17  Armory  
  25  2:25  Starport  
  25  2:29  Factory Tech Lab  
  24  2:32  SCV  
  24  2:35  Marine  
  26  2:42  Supply Depot  
  26  2:44  SCV  
  27  3:06  Thor  
  33  3:16  SCV  
  33  3:17  Marine  
  35  3:21  Supply Depot  
  35  3:24  Medivac  
  37  3:28  SCV  
  38  3:35  Marine  
  38  3:40  SCV  
  40  3:57  Siege Tank  
  43  4:03  Command Center  
  43  4:10  Marine  
  43  4:12  Medivac  
  46  4:25  SCV  
  46  4:30  Supply Depot  
  47  4:35  Barracks Reactor  
Tags
 
Add a new tag
Caveats
  • Supply blocks, unpowered buildings, or Contaminate may cause inaccurate times.
  • Supply counts are checked every 10 seconds.